 Dungeon Crawl Stone Soup version 0.19.5 (webtiles) character file.

11363 McKennaii the Cleaver (level 11, -1/97 HPs)
             Began as a Minotaur Fighter on May 2, 2017.
             Was a Priest of Makhleb.
             Hit by a javelin thrown by Urug (12 damage)
             ... on level 11 of the Dungeon.
             The game lasted 00:32:32 (10245 turns).

McKennaii the Cleaver (Minotaur Fighter)           Turns: 10245, Time: 00:32:32

Health: -1/97      AC: 20    Str: 20    XL:     11   Next: 48%
Magic:  10/10      EV:  8    Int:  5    God:    Makhleb [***...]
Gold:   588        SH: 12    Dex: 14    Spells: 0 memorised, 10 levels left

rFire  . . .     SeeInvis +     a - +0 war axe
rCold  . . .     Gourm    .     V - +0 plate armour
rNeg   . . .     Faith    .     c - +0 shield
rPois  .         Spirit   .     (helmet restricted)
rElec  .         Reflect  .     W - +1 cloak
rCorr  .         Harm     .     w - +2 pair of gloves
MR     +....                    (no boots)
Stlth  ..........               (no amulet)
                                N - ring of protection from magic
                                T - ring of see invisible

@: no status effects
A: retaliatory headbutt, horns 2
a: Minor Destruction, Lesser Servant of Makhleb, Renounce Religion


You were on level 11 of the Dungeon.
You worshipped Makhleb.
Makhleb was most pleased with you.
You were very hungry.

You visited 2 branches of the dungeon, and saw 12 of its levels.
You also visited: Ossuary.

You collected 588 gold pieces.

Inventory:

Hand Weapons
 a - a +0 war axe (weapon)
Armour
 c - a +0 shield (worn)
 w - a +2 pair of gloves (worn)
 V - a +0 plate armour (worn)
 W - a +1 cloak (worn)
Jewellery
 N - a ring of protection from magic (right hand)
 O - a +3 ring of evasion
 T - a ring of see invisible (left hand)
Wands
 b - a wand of flame (14/48)
 r - a wand of iceblast (4/15)
 L - a wand of iceblast (6/15)
 U - a wand of enslavement (20/24)
Scrolls
 e - 3 scrolls of enchant armour
 h - 3 scrolls of amnesia
 i - 2 scrolls of immolation {unknown}
 k - 18 scrolls of identify
 o - 3 scrolls of magic mapping
 t - 2 scrolls of recharging
 u - 2 scrolls of blinking {unknown}
 x - 5 scrolls of remove curse
 y - 4 scrolls of enchant weapon {unknown}
 A - 4 scrolls of teleportation {unknown}
 B - 2 scrolls of fear {unknown}
 E - a scroll of brand weapon {unknown}
 F - 3 scrolls of fog {unknown}
 M - 2 scrolls of noise {unknown}
 S - a scroll of silence {unknown}
Potions
 j - 2 potions of lignification
 m - 2 potions of brilliance
 q - 2 potions of cure mutation {unknown}
 s - a potion of haste {unknown}
 v - a potion of berserk rage {unknown}
 z - 3 potions of curing {unknown}
 C - a potion of magic {unknown}
 D - a potion of invisibility {unknown}
 G - 2 potions of degeneration {unknown}
 H - a potion of ambrosia {unknown}
 I - a potion of resistance {unknown}
 J - 2 potions of mutation {unknown}
 K - 2 potions of flight
Books
 P - a book of Minor Magic

   Spells                             Type                      Level
   a - Magic Dart                     Conjuration                  1
   b - Blink                          Translocation                2
   c - Call Imp                       Summoning                    2
   d - Repel Missiles                 Charms/Air                   2
   e - Slow                           Hexes                        2
   f - Conjure Flame                  Conjuration/Fire             3
   g - Mephitic Cloud                 Conjuration/Poison/Air       3
 Q - a book of Conjurations

   Spells                             Type                      Level
   a - Magic Dart                     Conjuration                  1
   b - Searing Ray                    Conjuration                  2
   c - Dazzling Spray                 Conjuration/Hexes            3
   d - Fulminant Prism                Conjuration/Hexes            4
   e - Iskenderun's Mystic Blast      Conjuration                  4
   f - Iskenderun's Battlesphere      Conjuration/Charms           5
Comestibles
 f - 7 bread rations
 g - 4 slices of pizza
 n - 8 meat rations
 p - 9 fruits


   Skills:
 + Level 9.5 Fighting
 + Level 13.8 Axes
 + Level 9.9 Armour
 + Level 4.7 Dodging
 + Level 0.8 Stealth
 + Level 10.1 Shields
 + Level 0.8 Invocations


You had 10 spell levels left.
You didn't know any spells.

Dungeon Overview and Level Annotations

Branches:
Dungeon (11/15)            Temple (1/1) D:6            Lair (0/6) D:11
    Orc: D:9-12

Altars:
Ashenzari
Cheibriados
Dithmenos
Elyvilon
Fedhas
Gozag
Hepliaklqana
Kikubaaqudgha
Makhleb
Nemelex Xobeh
Okawaru
Qazlal
Ru
Sif Muna
Trog
Uskayaw
Vehumet
Xom
Yredelemnul
Zin
The Shining One

Annotations:
D:11 Urug


Innate Abilities, Weirdness & Mutations

You reflexively headbutt those who attack you in melee.
You have a pair of horns on your head.


Message History

You headbutt Urug, but do no damage. You hit Urug but do no damage.
You headbutt Urug.
Urug is almost dead.
You closely miss Urug.
Urug is almost dead.
Urug hits you but does no damage.
You are electrocuted!
* * * LOW HITPOINT WARNING * * *
You closely miss Urug. You headbutt Urug, but do no damage.
Urug is almost dead.
You block Urug's attack.
Okay, then.
Okay, then.
Okay, then.
Evoke which item? (* to show all) (? for menu, Esc to quit)
Zapping:
L - a wand of iceblast (will waste charges)
Press: ? - help, Shift-Dir - straight line, f - Urug
Aim: Urug, wielding a battleaxe of electrocution and wearing a chain mail (almost dead)
Okay, then.
Urug throws a javelin.
The javelin hits you!
You die...

### ########### ..#
###.........# ####### ..#
#.'........}### ...(...
..###.#.........@.##o......
..##..#.........#.(oo......
..##.##.........####.......
.....##.........# .......
..#####.........# .......
### #######'### ....... #(#
######+ #.# ## #C##


You could see Urug and an orc.

Vanquished Creatures
  Snorg (D:10)
  An unseen horror (D:11)
  Pikel (D:9)
  A deep elf mage (D:11)
  An ugly thing (D:11)
  A cyclops (D:11)
  2 gargoyles
  Prince Ribbit (D:9)
  2 trolls
  A hornet (D:11)
  2 hippogriffs
  A shadow (D:11)
  A wyvern (D:11)
  8 yaks
  A spriggan (D:7)
  A hungry ghost (D:7)
  A water moccasin (D:11)
  A black bear (D:7)
  2 sky beasts (D:6)
  4 orc warriors
  An ice beast (D:8)
  2 slaves (D:9)
  2 ogres
  5 centaurs
  A crocodile (D:11)
  A big kobold (D:6)
  8 bullfrogs
  A wyvern skeleton (D:8)
  12 scorpions
  A water moccasin skeleton (D:11)
  8 wights (D:9)
  A howler monkey (D:9)
  2 bullfrog zombies
  2 crimson imps
  5 centaur zombies
  A quasit (D:8)
  3 human zombies (Ossuary)
  2 jellies
  3 centaur skeletons
  4 orc priests
  7 hounds
  7 orc wizards
  4 iguanas
  10 worker ants
  2 big kobold zombies (Ossuary)
  A hound zombie (D:7)
  2 hound skeletons (D:6)
  3 mummies (Ossuary)
  Robin (D:4)
  4 gnolls (D:6)
  3 scorpion zombies (Ossuary)
  9 adders
  5 shadow imps
  3 worms
  A dart slug (D:4)
  4 leopard geckos
  25 orcs
  A ball python (D:8)
  13 bats
  2 giant cockroaches
  11 goblins
  12 hobgoblins
  8 jackals
  3 quokkas
  2 frilled lizards
  A gnoll zombie (Ossuary)
  2 hobgoblin zombies (Ossuary)
  12 kobolds
  4 orc zombies (Ossuary)
  2 quokka zombies (D:9)
  11 rats
274 creatures vanquished.

Vanquished Creatures (others)
  2 slaves (D:9)
2 creatures vanquished.

Grand Total: 276 creatures vanquished

Notes
Turn   | Place    | Note
-------+----------+-------------------------------------------
     0 | D:1      | McKennaii the Minotaur Fighter began the quest for the Orb.
     0 | D:1      | Reached XP level 1. HP: 19/19 MP: 0/0
   121 | D:1      | Reached XP level 2. HP: 26/27 MP: 1/1
   726 | D:2      | Reached XP level 3. HP: 33/33 MP: 2/2
  1159 | D:3      | Found a basalt altar of Yredelemnul.
  1159 | D:3      | Found a glowing silver altar of Zin.
  1173 | D:3      | Reached skill level 1 in Dodging
  1261 | D:3      | Reached skill level 3 in Axes
  1326 | D:3      | Noticed an ogre
  1333 | D:3      | Killed an ogre
  1333 | D:3      | Reached XP level 4. HP: 27/40 MP: 3/3
  1333 | D:3      | Reached XP level 5. HP: 31/46 MP: 4/4
  1342 | D:3      | Reached skill level 4 in Axes
  1344 | D:3      | Reached skill level 5 in Shields
  1995 | D:4      | Noticed Robin
  2006 | D:4      | Killed Robin
  2006 | D:4      | Reached XP level 6. HP: 52/52 MP: 5/5
  2037 | D:4      | Reached skill level 5 in Axes
  2823 | D:5      | Entered Level 5 of the Dungeon
  2958 | D:5      | Reached XP level 7. HP: 60/60 MP: 6/6
  3270 | D:5      | Reached skill level 6 in Axes
  3270 | D:5      | Reached skill level 5 in Armour
  3712 | D:6      | Found a sand-covered staircase.
  3735 | Ossuary  | Entered an ossuary
  3799 | Ossuary  | Reached skill level 7 in Axes
  3807 | Ossuary  | Reached skill level 5 in Fighting
  4000 | Ossuary  | Reached XP level 8. HP: 37/68 MP: 7/7
  4232 | Ossuary  | Reached skill level 8 in Axes
  4849 | D:6      | Reached skill level 9 in Axes
  4935 | D:6      | Found a staircase to the Ecumenical Temple.
  4947 | Temple   | Entered the Ecumenical Temple
  5109 | Temple   | Became a worshipper of Makhleb the Destroyer
  5281 | D:6      | Found a deep blue altar of Sif Muna.
  5643 | D:7      | Reached XP level 9. HP: 57/75 MP: 8/8
  5689 | D:7      | Reached skill level 10 in Axes
  5838 | D:7      | Reached * piety under Makhleb
  6697 | D:8      | Reached skill level 11 in Axes
  7515 | D:9      | Noticed Prince Ribbit
  7547 | D:9      | Killed Prince Ribbit
  7588 | D:9      | Reached ** piety under Makhleb
  7635 | D:9      | Reached XP level 10. HP: 77/86 MP: 9/9
  7807 | D:9      | Reached skill level 12 in Axes
  7899 | D:9      | Noticed Pikel
  7927 | D:9      | Killed Pikel
  8336 | D:10     | Entered Level 10 of the Dungeon
  8340 | D:10     | Noticed a gargoyle
  8451 | D:10     | Killed a gargoyle
  9160 | D:11     | Reached skill level 13 in Axes
  9187 | D:11     | Found a staircase to the Lair.
  9220 | D:11     | Noticed a gargoyle
  9227 | D:11     | Killed a gargoyle
  9250 | D:11     | Noticed a white ugly thing
  9265 | D:11     | Killed a white ugly thing
  9265 | D:11     | Reached XP level 11. HP: 33/95 MP: 10/10
  9403 | D:11     | Noticed a deep elf mage
  9427 | D:11     | Killed a deep elf mage
  9546 | D:11     | Noticed an unseen horror
  9582 | D:11     | Killed an unseen horror
  9715 | D:11     | Reached skill level 10 in Shields
  9981 | D:11     | Noticed Snorg
 10041 | D:10     | Killed Snorg
 10217 | D:11     | Noticed Urug
 10224 | D:11     | Reached *** piety under Makhleb
 10245 | D:11     | Hit by a javelin thrown by Urug

Skill      XL: |  1  2  3  4  5  6  7  8  9 10 11 |
---------------+----------------------------------+-----
Shields        | 4 5 6 7 8 9 10 | 10.1
Armour         | 4 5 6 7 9 |  9.9
Dodging        | 2 3 4 |  4.7
Axes           | 3 4 5 7 9 11 13 | 13.8
Fighting       | 4 5 6 7 8 9 |  9.5
Stealth        | |  0.8
Invocations    | |  0.8

Action                   |  1- 3 |  4- 6 |  7- 9 | 10-12 || total
-------------------------+-------+-------+-------+-------++-------
Melee: War axe           |    94 |   125 |   456 |   338 ||  1013
       Headbutt          |     9 |    22 |    99 |    93 ||   223
Invok: Minor Destruction |       |       |       |     3 ||     3
  Use: Potion            |       |     2 |     1 |     4 ||     7
       Scroll            |       |       |       |     6 ||     6
  Eat: Chunk             |     1 |     6 |    13 |     8 ||    28
       Beef jerky        |       |       |     2 |       ||     2
       Fruit             |       |       |     1 |       ||     1
Armor: Scale mail        |    55 |    41 |   130 |    27 ||   253
       Skin              |       |    11 |       |       ||    11
       Plate armour      |       |       |       |   109 ||   109
Dodge: Dodged            |    41 |    31 |   142 |    81 ||   295
Block: Shield            |    64 |    55 |   238 |   177 ||   534
